Dallas Stars vs Colorado Rockies

Created - Monday, February 23, 2026 at 07:24

Goals
1 2 3 OT1 SO T
Dallas Stars 1 2 0 0 0 3
Colorado Rockies 2 0 1 0 1 4
Shots
1 2 3 OT1 SO T
Dallas Stars 11 13 15 1 3 40
Colorado Rockies 7 1 19 3 2 30

1st period

1. Colorado Rockies , Michael Bunting 4 (Martin Fehervary 3, Quinn Hughes 7) at 12:48
2. Dallas Stars , Jordan Martinook 10 (Jonatan Berggren 4) at 13:01
3. Colorado Rockies , Michael Bunting 5 (Martin Fehervary 4, Kyle Connor 11) at 19:31

Penalties :
Jesper Bratt (COL) for Roughing (Minor) at 0:21, Dougie Hamilton (DAL) for Hooking (Minor) at 10:25, Dougie Hamilton (DAL) for Boarding (Minor) at 14:12

2nd period

4. Dallas Stars , Philip Tomasino 3 (Jordan Greenway 2, Alex Iafallo 10) at 0:33
5. Dallas Stars , Elias Lindholm 15 (Brendan Gallagher 14) at 16:34

Penalties :
Luke Kunin (DAL) for Hooking (Minor) at 5:08, Martin Fehervary (COL) for Roughing (Minor) at 7:30, Josh Anderson (DAL) for Delaying the game (Minor) at 18:16

3rd period

6. Colorado Rockies , David Pastrnak 3 (Elias Pettersson 20, Jesper Bratt 11) at 3:51 (PP)

Penalties :
Kyle Connor (COL) for Elbowing (Minor) at 0:12, Trevor van Riemsdyk (DAL) for Tripping (Minor) at 3:10, Jakob Chychrun (DAL) for High sticking (Minor) at 7:31, Danton Heinen (COL) for Tripping (Minor) at 17:06

Overtime #1

No Goal

Penalties :
No Penalty

Shootout

Dallas Stars, Elias Lindholm - Stopped by Daniil Tarasov
Colorado Rockies, Tim Stutzle - Stopped by Ukko-Pekka Luukkonen
Dallas Stars, Josh Anderson - Stopped by Daniil Tarasov
Colorado Rockies, David Pastrnak - Goal!
Dallas Stars, Brendan Gallagher - Stopped by Daniil Tarasov

Penalties :
No Penalty

Goalie Stats

Ukko-Pekka Luukkonen (DAL), 27 saves from 30 shots - (0.900), OTL, 7-6-4, 65:00 minutes
Daniil Tarasov (COL), 37 saves from 40 shots - (0.925), W, 5-5-2, 65:00 minutes

Players Stats for Dallas Stars

Player Name              G  A  P  +/- PIM S  H  SB GA TA FO     MP     PP MP  PK MP  
------------------------------------------------------------------------------------
Alex Iafallo             0  1  1   0  0   1  2  0  0  0  1/2    14:07   4:00   0:00 
Arber Xhekaj             0  0  0   1  0   2  3  0  0  0  0/0    18:49   0:47   6:04 
Brendan Gallagher        0  1  1   0  0   6  1  0  1  1  5/13   23:05   2:48   5:06 
Cam York                 0  0  0   0  0   2  0  2  0  1  0/0    19:29   3:47   1:16 
Dougie Hamilton          0  0  0   0  4   0  2  0  0  0  0/0    25:24   4:06   3:20 
Elias Lindholm           1  0  1   0  0   7  1  0  0  0  15/22  23:37   3:03   5:19 
Jack Drury               0  0  0   0  0   0  0  0  1  0  4/4     8:34   0:25   0:08 
Jakob Chychrun           0  0  0   0  2   4  1  0  0  0  0/0    24:45   3:00   4:53 
Joel Kiviranta           0  0  0   0  0   2  4  0  0  0  0/0     9:30   1:09   0:00 
Jonatan Berggren         0  1  1   1  0   1  0  0  0  0  6/12   10:54   0:00   0:00 
Jordan Greenway          0  1  1   0  0   2  1  0  0  0  0/0    12:39   0:49   1:18 
Jordan Martinook         1  0  1   1  0   3  0  0  1  0  2/4    21:31   3:32   5:06 
Josh Anderson            0  0  0   0  2   3  1  0  0  0  0/0    22:21   3:03   4:09 
Luke Kunin               0  0  0   1  2   1  0  1  0  0  0/1    14:58   3:49   0:00 
Nils Lundkvist           0  0  0   0  0   2  0  1  0  0  0/0    15:52   0:00   0:38 
Philip Tomasino          1  0  1   0  0   1  0  0  1  0  2/4    10:16   0:49   0:00 
Trent Frederic           0  0  0   0  0   2  0  0  0  0  0/0     7:47   0:12   0:00 
Trevor van Riemsdyk      0  0  0   1  2   1  0  1  1  5  0/0    25:40   4:06   4:55 

Players Stats for Colorado Rockies

Player Name              G  A  P  +/- PIM S  H  SB GA TA FO     MP     PP MP  PK MP  
------------------------------------------------------------------------------------
Andrew Peeke             0  0  0   0  0   0  2  2  0  0  0/0    24:22   5:14   4:00 
Cam Fowler               0  0  0  -1  0   3  1  2  0  1  0/0    23:59   5:19   4:00 
Casey Cizikas            0  0  0   0  0   1  3  0  1  0  6/14   17:28   0:00   2:42 
Danton Heinen            0  0  0  -1  2   2  0  0  0  1  1/1    14:11   0:00   0:00 
Darren Raddysh           0  0  0  -1  0   0  1  1  1  0  0/0    23:04   5:19   2:52 
David Pastrnak           1  0  1  -1  0   3  3  0  1  1  0/1    17:25   5:33   0:00 
Elias Pettersson         0  1  1  -1  0   4  1  1  1  0  5/9    20:31   5:06   3:22 
Jesper Bratt             0  1  1   0  2   1  2  0  0  0  0/0    18:07   5:33   3:02 
Kevin Hayes              0  0  0   1  0   1  0  1  0  0  6/14   12:35   0:00   1:43 
Kyle Connor              0  1  1   0  2   4  0  1  1  0  0/1    14:05   4:59   0:00 
Martin Fehervary         0  2  2   0  2   1  3  0  0  0  0/0    18:20   0:00   0:11 
Michael Bunting          2  0  2   1  0   4  5  0  0  0  0/2    11:39   0:40   0:00 
Nick Schmaltz            0  0  0  -1  0   0  1  1  0  0  3/4    14:05   0:09   4:01 
Pavel Dorofeyev          0  0  0  -1  0   1  1  0  0  0  1/2    16:00   4:38   0:00 
Philipp Kurashev         0  0  0   0  0   1  1  0  0  0  0/0     9:01   0:00   0:00 
Quinn Hughes             0  1  1   0  0   1  1  2  2  2  0/0    22:34   5:14   1:01 
Tim Stutzle              0  0  0   0  0   3  3  0  0  0  5/14   17:35   5:00   0:56 
Vince Dunn               0  0  0   0  0   0  0  1  0  0  0/0    16:59   0:00   3:42 

3 Stars

1 - Michael Bunting (COL)
2 - David Pastrnak (COL)
3 - Jordan Martinook (DAL)

Power Play

Dallas Stars - 0 on 4 Attempt(s) - 0.00%
Colorado Rockies - 1 on 6 Attempt(s) - 16.67%

Penalty Kill

Dallas Stars - 5 on 6 Attempt(s) - 83.33% - Score 0 goal in Penalty Kill
Colorado Rockies - 4 on 4 Attempt(s) - 100.00% - Score 0 goal in Penalty Kill

Team Stat

Dallas Stars - Hits : 16 - Faceoff Wins : 35 - Blocked Shots : 5 - Penalty Minutes : 12
Colorado Rockies - Hits : 28 - Faceoff Wins : 27 - Blocked Shots : 12 - Penalty Minutes : 8

Official

Referees : Corey Syvret and Wes Mccauley
Linesman : Steve Barton and Ryan Jackson

Game Notes

No Game Note

Finance

Level 1 -- Attendance: 5700 (95.00%) -- Ticket Income $513,000
Level 2 -- Attendance: 4223 (84.46%) -- Ticket Income $232,265
Level 3 -- Attendance: 2110 (70.33%) -- Ticket Income $73,850
Level 4 -- Attendance: 3827 (76.54%) -- Ticket Income $95,675
Luxury Box -- Attendance: 903 (90.30%) -- Ticket Income $158,025
Game was played at the Pepsi Center.
Total Attendance: 16763 (83.82%)
Total Ticket Income: $1,072,815
Other Income: $375,485
Total Income: $1,448,300

Dallas Stars

5 vs 5 Forward 
   Center                   Left Wing                Right Wing               Time % Phy DF OF 
 1 Elias Lindholm           Josh Anderson            Brendan Gallagher        30     1   2  2  
 2 Jonatan Berggren         Jordan Martinook         Luke Kunin               30     1   2  2  
 3 Philip Tomasino          Alex Iafallo             Jordan Greenway          25     1   2  2  
 4 Jack Drury               Joel Kiviranta           Trent Frederic           15     1   2  2  

5 vs 5 Defense 
   Defense                  Defense                                           Time % Phy DF OF 
 1 Dougie Hamilton          Trevor van Riemsdyk                               30     1   2  2  
 2 Jakob Chychrun           Nils Lundkvist                                    30     1   2  2  
 3 Cam York                 Arber Xhekaj                                      25     1   2  2  
 4 Dougie Hamilton          Trevor van Riemsdyk                               15     1   2  2  

PowerPlay Forward 
   Center                   Left Wing                Right Wing               Time % Phy DF OF 
 1 Elias Lindholm           Josh Anderson            Brendan Gallagher        50     1   2  2  
 2 Alex Iafallo             Jordan Martinook         Luke Kunin               50     1   2  2  

PowerPlay Defense
   Defense                  Defense                                           Time % Phy DF OF 
 1 Dougie Hamilton          Trevor van Riemsdyk                               50     1   2  2  
 2 Jakob Chychrun           Cam York                                          50     1   2  2  

Penalty Kill 4 Players Forward 
   Center                   Wing                     Time % Phy DF OF 
 1 Elias Lindholm           Josh Anderson            50     1   2  2  
 2 Brendan Gallagher        Jordan Martinook         50     1   2  2  

Penalty Kill 4 Players Defense
   Defense                  Defense                  Time % Phy DF OF 
 1 Dougie Hamilton          Trevor van Riemsdyk      50     1   2  2  
 2 Jakob Chychrun           Arber Xhekaj             50     1   2  2  

Penalty Kill - 3 Players Forward 
   Forward                                           Time % Phy DF OF 
 1 Elias Lindholm                                    50     1   2  2  
 2 Josh Anderson                                     50     1   2  2  

Penalty Kill - 3 Players Defense
   Defense                  Defense                  Time % Phy DF OF 
 1 Dougie Hamilton          Trevor van Riemsdyk      50     1   2  2  
 2 Jakob Chychrun           Arber Xhekaj             50     1   2  2  

4 vs 4 Forward 
   Center                   Wing                     Time % Phy DF OF 
 1 Elias Lindholm           Josh Anderson            50     1   2  2  
 2 Brendan Gallagher        Jordan Martinook         50     1   2  2  

4 vs 4 Defense
   Defense                  Defense                  Time % Phy DF OF 
 1 Dougie Hamilton          Trevor van Riemsdyk      50     1   2  2  
 2 Jakob Chychrun           Cam York                 50     1   2  2  

Last Minutes Offensive
   Center                   Left Wing                Right Wing               Defense                  Defense                  
   Elias Lindholm           Josh Anderson            Brendan Gallagher        Dougie Hamilton          Trevor van Riemsdyk      

Last Minutes Defensive
   Center                   Left Wing                Right Wing               Defense                  Defense                  
   Elias Lindholm           Josh Anderson            Brendan Gallagher        Dougie Hamilton          Trevor van Riemsdyk      

Goaltenders
Starting : Ukko-Pekka Luukkonen     
Backup : Alex Lyon                

Extra Forwards
Normal : Alex Iafallo, Joel Kiviranta, Josh Anderson - PP : Alex Iafallo, Joel Kiviranta - PK : Elias Lindholm
Extra Defensemen
Normal : Cam York, Arber Xhekaj, Jakob Chychrun - PP : Cam York - PK : Arber Xhekaj, Jakob Chychrun
Penalty Shots
Elias Lindholm, Josh Anderson, Brendan Gallagher, Jordan Martinook, Alex Iafallo

Scratches
Ty Smith (Healthy), Filip Chytil (Bruised Right Arm Injury), Jonas Siegenthaler (Sprained Left Finger Injury), Marc-Andre Fleury (Healthy), Semyon Varlamov (Healthy)

Colorado Rockies

5 vs 5 Forward 
   Center                   Left Wing                Right Wing               Time % Phy DF OF 
 1 Elias Pettersson         Nick Schmaltz            Pavel Dorofeyev          25     3   1  1  
 2 Tim Stutzle              Jesper Bratt             Philipp Kurashev         25     1   3  1  
 3 Kevin Hayes              Kyle Connor              Michael Bunting          25     1   3  1  
 4 Casey Cizikas            Danton Heinen            David Pastrnak           25     1   3  1  

5 vs 5 Defense 
   Defense                  Defense                                           Time % Phy DF OF 
 1 Martin Fehervary         Darren Raddysh                                    33     1   0  4  
 2 Cam Fowler               Quinn Hughes                                      33     1   3  1  
 3 Vince Dunn               Andrew Peeke                                      33     3   1  1  
 4 Martin Fehervary         Quinn Hughes                                      1      1   2  2  

PowerPlay Forward 
   Center                   Left Wing                Right Wing               Time % Phy DF OF 
 1 Tim Stutzle              Kyle Connor              Pavel Dorofeyev          50     1   0  4  
 2 Elias Pettersson         Jesper Bratt             David Pastrnak           50     1   2  2  

PowerPlay Defense
   Defense                  Defense                                           Time % Phy DF OF 
 1 Andrew Peeke             Quinn Hughes                                      50     1   3  1  
 2 Cam Fowler               Darren Raddysh                                    50     1   2  2  

Penalty Kill 4 Players Forward 
   Center                   Wing                     Time % Phy DF OF 
 1 Nick Schmaltz            Jesper Bratt             50     1   2  2  
 2 Casey Cizikas            Elias Pettersson         50     1   2  2  

Penalty Kill 4 Players Defense
   Defense                  Defense                  Time % Phy DF OF 
 1 Vince Dunn               Darren Raddysh           50     1   2  2  
 2 Cam Fowler               Andrew Peeke             50     1   2  2  

Penalty Kill - 3 Players Forward 
   Forward                                           Time % Phy DF OF 
 1 Tim Stutzle                                       50     1   2  2  
 2 Casey Cizikas                                     50     1   2  2  

Penalty Kill - 3 Players Defense
   Defense                  Defense                  Time % Phy DF OF 
 1 Vince Dunn               Darren Raddysh           50     1   2  2  
 2 Cam Fowler               Andrew Peeke             50     1   2  2  

4 vs 4 Forward 
   Center                   Wing                     Time % Phy DF OF 
 1 Tim Stutzle              Casey Cizikas            50     1   2  2  
 2 Elias Pettersson         Danton Heinen            50     1   2  2  

4 vs 4 Defense
   Defense                  Defense                  Time % Phy DF OF 
 1 Martin Fehervary         Quinn Hughes             50     1   2  2  
 2 Cam Fowler               Andrew Peeke             50     1   2  2  

Last Minutes Offensive
   Center                   Left Wing                Right Wing               Defense                  Defense                  
   Tim Stutzle              Kyle Connor              David Pastrnak           Martin Fehervary         Darren Raddysh           

Last Minutes Defensive
   Center                   Left Wing                Right Wing               Defense                  Defense                  
   Tim Stutzle              Kyle Connor              David Pastrnak           Martin Fehervary         Darren Raddysh           

Goaltenders
Starting : Daniil Tarasov           
Backup : Joey Daccord             

Extra Forwards
Normal : Pavel Dorofeyev, Michael Bunting, Kevin Hayes - PP : Pavel Dorofeyev, Michael Bunting - PK : Kevin Hayes
Extra Defensemen
Normal : Vince Dunn, Darren Raddysh, Cam Fowler - PP : Vince Dunn - PK : Darren Raddysh, Cam Fowler
Penalty Shots
Tim Stutzle, David Pastrnak, Kyle Connor, Elias Pettersson, Jesper Bratt

Scratches
None


% Time on Ice - Dallas Stars

Lines # - Real PCT - Wanted PCT - Time Play
Normal Forward
1 - 34% - 30% - 14:15
2 - 26% - 30% - 10:57
3 - 22% - 25% - 9:13
4 - 17% - 15% - 7:06
Normal Defense
1 - 30% - 30% - 12:36
2 - 36% - 30% - 14:53
3 - 26% - 25% - 10:40
4 - 8% - 15% - 3:22
PP Forward
1 - 39% - 50% - 3:03
2 - 61% - 50% - 4:50
PP Defense
1 - 58% - 50% - 4:32
2 - 42% - 50% - 3:21
PK Forward
1 - 52% - 50% - 5:27
2 - 48% - 50% - 5:06
PK Defense
1 - 52% - 50% - 5:31
2 - 48% - 50% - 5:02
PK3 Forward
1 - 0% - 50%
2 - 0% - 50%
PK3 Defense
1 - 0% - 50%
2 - 0% - 50%
44 Forward
1 - 55% - 50% - 2:47
2 - 45% - 50% - 2:16
44 Defense
1 - 55% - 50% - 2:47
2 - 45% - 50% - 2:16
Last Minute Offensive  - 0:00
Last Minute Defensive  - 0:00
Total
Forward - 65:00
Defense - 65:00

% Time on Ice - Colorado Rockies

Lines # - Real PCT - Wanted PCT - Time Play
Normal Forward
1 - 26% - 25% - 10:41
2 - 23% - 25% - 9:29
3 - 22% - 25% - 9:14
4 - 29% - 25% - 12:07
Normal Defense
1 - 35% - 33% - 14:41
2 - 31% - 33% - 12:49
3 - 29% - 33% - 12:03
4 - 5% - 1% - 1:58
PP Forward
1 - 47% - 50% - 5:00
2 - 53% - 50% - 5:33
PP Defense
1 - 50% - 50% - 5:14
2 - 50% - 50% - 5:19
PK Forward
1 - 65% - 50% - 5:09
2 - 35% - 50% - 2:44
PK Defense
1 - 43% - 50% - 3:22
2 - 57% - 50% - 4:31
PK3 Forward
1 - 0% - 50%
2 - 0% - 50%
PK3 Defense
1 - 0% - 50%
2 - 0% - 50%
44 Forward
1 - 55% - 50% - 2:48
2 - 45% - 50% - 2:15
44 Defense
1 - 50% - 50% - 2:32
2 - 50% - 50% - 2:31
Last Minute Offensive  - 0:00
Last Minute Defensive  - 0:00
Total
Forward - 65:00
Defense - 65:00

Play-by-Play

1st period


0:01 of 1st period - Elias Lindholm wins face-off versus Elias Pettersson in neutral zone.
0:16 of 1st period - Snap shot by Pavel Dorofeyev.
0:16 of 1st period - Deflect By Elias Pettersson.
0:16 of 1st period - Shot Misses the Net.
0:16 of 1st period - Puck is out of play.
0:17 of 1st period - Jonatan Berggren wins face-off versus Tim Stutzle in Dallas Stars zone.
0:21 of 1st period - Minor Penalty to Jesper Bratt for Roughing.
0:22 of 1st period - Nick Schmaltz wins face-off versus Elias Lindholm in Colorado Rockies zone.
2:21 of 1st period - Penalty to Jesper Bratt is over, Jesper Bratt is back on ice.
2:29 of 1st period - Slapshot by Quinn Hughes.
2:29 of 1st period - Shot Blocked by Trevor van Riemsdyk.
2:31 of 1st period - Wrist shot by Kyle Connor.
2:31 of 1st period - Stopped by Ukko-Pekka Luukkonen with a rebound.
2:47 of 1st period - Dougie Hamilton is hit by Martin Fehervary and loses puck.
5:19 of 1st period - Jack Drury is hit by Tim Stutzle and loses puck.
8:11 of 1st period - Slapshot by Josh Anderson.
8:11 of 1st period - Stopped by Daniil Tarasov with a rebound.
8:13 of 1st period - Slapshot by Trevor van Riemsdyk.
8:13 of 1st period - Deflect By Elias Lindholm.
8:13 of 1st period - Stopped by Daniil Tarasov without a rebound.
8:14 of 1st period - Pavel Dorofeyev wins face-off versus Elias Lindholm in Colorado Rockies zone.
9:03 of 1st period - Wrist shot by Kevin Hayes.
9:03 of 1st period - Shot Hit the Post.
9:31 of 1st period - Vince Dunn is hit by Alex Iafallo and loses puck.
10:08 of 1st period - Trevor van Riemsdyk is hit by David Pastrnak and loses puck.
10:25 of 1st period - Minor Penalty to Dougie Hamilton for Hooking.
10:26 of 1st period - Tim Stutzle wins face-off versus Elias Lindholm in Dallas Stars zone.
10:43 of 1st period - Slapshot by Quinn Hughes.
10:43 of 1st period - Shot Misses the Net.
10:53 of 1st period - Arber Xhekaj is hit by Tim Stutzle.
11:29 of 1st period - Snap shot by David Pastrnak.
11:29 of 1st period - Shot Misses the Net.
11:31 of 1st period - Snap shot by David Pastrnak.
11:31 of 1st period - Shot Misses the Net.
12:19 of 1st period - Jakob Chychrun is hit by Elias Pettersson and loses puck.
12:25 of 1st period - Penalty to Dougie Hamilton is over, Dougie Hamilton is back on ice.
12:36 of 1st period - Snap shot by Jakob Chychrun.
12:36 of 1st period - Stopped by Daniil Tarasov without a rebound.
12:37 of 1st period - Philip Tomasino wins face-off versus Kevin Hayes in Colorado Rockies zone.
12:44 of 1st period - Slapshot by Quinn Hughes.
12:44 of 1st period - Shot Misses the Net.
12:46 of 1st period - Snap shot by Martin Fehervary.
12:46 of 1st period - Shot Misses the Net.
12:48 of 1st period - Slapshot by Michael Bunting.
12:48 of 1st period - Goal by Michael Bunting - Dallas Stars : 0 - Colorado Rockies : 1.
12:49 of 1st period - Kevin Hayes wins face-off versus Jonatan Berggren in neutral zone.
12:52 of 1st period - Jordan Martinook is hit by Michael Bunting and loses puck.
13:01 of 1st period - Slapshot by Jordan Martinook.
13:01 of 1st period - Goal by Jordan Martinook - Dallas Stars : 1 - Colorado Rockies : 1.
13:02 of 1st period - Jordan Martinook wins face-off versus Tim Stutzle in neutral zone.
13:19 of 1st period - Snap shot by Tim Stutzle.
13:19 of 1st period - Shot Misses the Net.
13:29 of 1st period - Jonatan Berggren is hit by Nick Schmaltz and loses puck.
13:39 of 1st period - Slapshot by Cam York.
13:39 of 1st period - Shot Misses the Net.
13:41 of 1st period - Slapshot by Arber Xhekaj.
13:41 of 1st period - Shot Blocked by Elias Pettersson.
13:43 of 1st period - Slapshot by Cam York.
13:43 of 1st period - Stopped by Daniil Tarasov with a rebound.
13:45 of 1st period - Slapshot by Cam York.
13:45 of 1st period - Stopped by Daniil Tarasov with a rebound.
13:47 of 1st period - Slapshot by Cam York.
13:47 of 1st period - Shot Blocked by Cam Fowler.
13:49 of 1st period - Snap shot by Jordan Martinook.
13:49 of 1st period - Deflect By Jonatan Berggren.
13:49 of 1st period - Stopped by Daniil Tarasov with a rebound.
13:55 of 1st period - Slapshot by Jakob Chychrun.
13:55 of 1st period - Stopped by Daniil Tarasov without a rebound.
13:56 of 1st period - Elias Lindholm wins face-off versus Casey Cizikas in Colorado Rockies zone.
13:57 of 1st period - Snap shot by Brendan Gallagher.
13:57 of 1st period - Shot Misses the Net.
14:02 of 1st period - Off-side.
14:03 of 1st period - Elias Lindholm wins face-off versus Casey Cizikas in neutral zone.
14:08 of 1st period - Slapshot by Darren Raddysh.
14:08 of 1st period - Deflect By David Pastrnak.
14:08 of 1st period - Shot Misses the Net.
14:08 of 1st period - Puck is out of play.
14:09 of 1st period - Elias Lindholm wins face-off versus Casey Cizikas in Dallas Stars zone.
14:09 of 1st period - Elias Lindholm is hit by Casey Cizikas.
14:12 of 1st period - Minor Penalty to Dougie Hamilton for Boarding.
14:13 of 1st period - Brendan Gallagher wins face-off versus David Pastrnak in Dallas Stars zone.
15:21 of 1st period - Trevor van Riemsdyk is hit by Jesper Bratt and loses puck.
15:46 of 1st period - Trevor van Riemsdyk is hit by Andrew Peeke.
16:12 of 1st period - Penalty to Dougie Hamilton is over, Dougie Hamilton is back on ice.
17:41 of 1st period - Cam York is hit by Darren Raddysh and loses puck.
17:57 of 1st period - Wrist shot by Philip Tomasino.
17:57 of 1st period - Shot Misses the Net.
18:08 of 1st period - Off-side.
18:09 of 1st period - Jack Drury wins face-off versus Kyle Connor in neutral zone.
18:12 of 1st period - Slapshot by Jakob Chychrun.
18:12 of 1st period - Stopped by Daniil Tarasov without a rebound.
18:13 of 1st period - Jack Drury wins face-off versus Kevin Hayes in Colorado Rockies zone.
18:14 of 1st period - Wrist shot by Jakob Chychrun.
18:14 of 1st period - Shot Blocked by Cam Fowler.
18:16 of 1st period - Snap shot by Joel Kiviranta.
18:16 of 1st period - Stopped by Daniil Tarasov without a rebound.
18:17 of 1st period - Elias Lindholm wins face-off versus Tim Stutzle in Colorado Rockies zone.
18:24 of 1st period - Snap shot by Josh Anderson.
18:24 of 1st period - Stopped by Daniil Tarasov with a rebound.
18:27 of 1st period - Icing by Jesper Bratt.
18:28 of 1st period - Elias Lindholm wins face-off versus Tim Stutzle in Colorado Rockies zone.
18:45 of 1st period - Philipp Kurashev is hit by Dougie Hamilton and loses puck.
19:06 of 1st period - Jordan Martinook is hit by Tim Stutzle and loses puck.
19:17 of 1st period - Wrist shot by Tim Stutzle.
19:17 of 1st period - Stopped by Ukko-Pekka Luukkonen without a rebound.
19:18 of 1st period - Kevin Hayes wins face-off versus Elias Lindholm in Dallas Stars zone.
19:21 of 1st period - Snap shot by Kyle Connor.
19:21 of 1st period - Stopped by Ukko-Pekka Luukkonen with a rebound.
19:23 of 1st period - Backhand shot by Michael Bunting.
19:23 of 1st period - Stopped by Ukko-Pekka Luukkonen with a rebound.
19:25 of 1st period - Wrist shot by Martin Fehervary.
19:25 of 1st period - Shot Misses the Net.
19:27 of 1st period - Snap shot by Martin Fehervary.
19:27 of 1st period - Shot Misses the Net.
19:29 of 1st period - Snap shot by Michael Bunting.
19:29 of 1st period - Stopped by Ukko-Pekka Luukkonen with a rebound.
19:31 of 1st period - Snap shot by Michael Bunting.
19:31 of 1st period - Goal by Michael Bunting - Dallas Stars : 1 - Colorado Rockies : 2.
19:32 of 1st period - Casey Cizikas wins face-off versus Elias Lindholm in neutral zone.
Goals for this period are 1 for Dallas Stars vs 2 for Colorado Rockies.
Shots for this period are 11 for Dallas Stars vs 7 for Colorado Rockies.

2nd period


0:01 of 2nd period - Jonatan Berggren wins face-off versus Elias Pettersson in neutral zone.
0:04 of 2nd period - Slapshot by Jordan Martinook.
0:04 of 2nd period - Stopped by Daniil Tarasov with a rebound.
0:06 of 2nd period - Snap shot by Jonatan Berggren.
0:06 of 2nd period - Shot Hit the Post.
0:08 of 2nd period - Slapshot by Arber Xhekaj.
0:08 of 2nd period - Stopped by Daniil Tarasov with a rebound.
0:26 of 2nd period - Martin Fehervary is hit by Arber Xhekaj and loses puck.
0:31 of 2nd period - Snap shot by Jordan Greenway.
0:31 of 2nd period - Shot Blocked by Darren Raddysh.
0:33 of 2nd period - Snap shot by Philip Tomasino.
0:33 of 2nd period - Goal by Philip Tomasino - Dallas Stars : 2 - Colorado Rockies : 2.
0:34 of 2nd period - Elias Lindholm wins face-off versus Kevin Hayes in neutral zone.
0:42 of 2nd period - Off-side.
0:43 of 2nd period - Elias Lindholm wins face-off versus Kevin Hayes in neutral zone.
0:46 of 2nd period - Slapshot by Elias Lindholm.
0:46 of 2nd period - Shot Blocked by Kevin Hayes.
0:48 of 2nd period - Slapshot by Nils Lundkvist.
0:48 of 2nd period - Deflect By Kyle Connor.
0:48 of 2nd period - Stopped by Daniil Tarasov with a rebound.
0:50 of 2nd period - Snap shot by Josh Anderson.
0:50 of 2nd period - Shot Blocked by Andrew Peeke.
1:45 of 2nd period - Icing by Jakob Chychrun.
1:46 of 2nd period - Casey Cizikas wins face-off versus Brendan Gallagher in Dallas Stars zone.
1:47 of 2nd period - Wrist shot by David Pastrnak.
1:47 of 2nd period - Shot Blocked by Nils Lundkvist.
1:55 of 2nd period - Casey Cizikas is hit by Brendan Gallagher and loses puck.
2:02 of 2nd period - Wrist shot by Brendan Gallagher.
2:02 of 2nd period - Stopped by Daniil Tarasov with a rebound.
2:08 of 2nd period - Snap shot by Elias Lindholm.
2:08 of 2nd period - Stopped by Daniil Tarasov without a rebound.
2:09 of 2nd period - Jonatan Berggren wins face-off versus Tim Stutzle in Colorado Rockies zone.
2:22 of 2nd period - Backhand shot by Jesper Bratt.
2:22 of 2nd period - Deflect By Trevor van Riemsdyk.
2:22 of 2nd period - Shot Misses the Net.
2:22 of 2nd period - Puck is out of play.
2:23 of 2nd period - Philip Tomasino wins face-off versus Elias Pettersson in Dallas Stars zone.
2:23 of 2nd period - Philip Tomasino is hit by Pavel Dorofeyev.
2:49 of 2nd period - Dougie Hamilton is hit by Casey Cizikas and loses puck.
3:12 of 2nd period - Jesper Bratt is hit by Dougie Hamilton and loses puck.
3:17 of 2nd period - Wrist shot by Jack Drury.
3:17 of 2nd period - Deflect By Joel Kiviranta.
3:17 of 2nd period - Stopped by Daniil Tarasov without a rebound.
3:18 of 2nd period - Nick Schmaltz wins face-off versus Philip Tomasino in Colorado Rockies zone.
3:32 of 2nd period - Snap shot by Elias Pettersson.
3:32 of 2nd period - Shot Blocked by Cam York.
3:38 of 2nd period - Cam York is hit by Andrew Peeke and loses puck.
4:23 of 2nd period - Slapshot by Philip Tomasino.
4:23 of 2nd period - Shot Blocked by Vince Dunn.
4:46 of 2nd period - Off-side.
4:47 of 2nd period - Casey Cizikas wins face-off versus Jonatan Berggren in neutral zone.
5:08 of 2nd period - Minor Penalty to Luke Kunin for Hooking.
5:09 of 2nd period - Brendan Gallagher wins face-off versus Michael Bunting in Dallas Stars zone.
7:08 of 2nd period - Penalty to Luke Kunin is over, Luke Kunin is back on ice.
7:30 of 2nd period - Minor Penalty to Martin Fehervary for Roughing.
7:31 of 2nd period - Casey Cizikas wins face-off versus Jordan Martinook in Colorado Rockies zone.
7:38 of 2nd period - Jakob Chychrun is hit by Casey Cizikas and loses puck.
9:30 of 2nd period - Penalty to Martin Fehervary is over, Martin Fehervary is back on ice.
9:40 of 2nd period - Icing by Michael Bunting.
9:41 of 2nd period - Jack Drury wins face-off versus Kevin Hayes in Colorado Rockies zone.
9:52 of 2nd period - Wrist shot by Trent Frederic.
9:52 of 2nd period - Stopped by Daniil Tarasov with a rebound.
10:21 of 2nd period - Jesper Bratt is hit by Jakob Chychrun and loses puck.
11:02 of 2nd period - Snap shot by Josh Anderson.
11:02 of 2nd period - Shot Misses the Net.
11:04 of 2nd period - Snap shot by Josh Anderson.
11:04 of 2nd period - Deflect By Pavel Dorofeyev.
11:04 of 2nd period - Stopped by Daniil Tarasov with a rebound.
11:22 of 2nd period - Wrist shot by Elias Lindholm.
11:22 of 2nd period - Shot Misses the Net.
11:26 of 2nd period - Slapshot by Brendan Gallagher.
11:26 of 2nd period - Shot Misses the Net.
11:38 of 2nd period - Wrist shot by Brendan Gallagher.
11:38 of 2nd period - Stopped by Daniil Tarasov with a rebound.
11:40 of 2nd period - Snap shot by Josh Anderson.
11:40 of 2nd period - Deflect By Elias Lindholm.
11:40 of 2nd period - Shot Blocked by Nick Schmaltz.
11:40 of 2nd period - Puck is out of play.
11:41 of 2nd period - Jonatan Berggren wins face-off versus Tim Stutzle in Colorado Rockies zone.
11:52 of 2nd period - Wrist shot by Jonatan Berggren.
11:52 of 2nd period - Shot Blocked by Quinn Hughes.
12:50 of 2nd period - Cam Fowler is hit by Arber Xhekaj and loses puck.
13:01 of 2nd period - Jesper Bratt is hit by Alex Iafallo and loses puck.
14:21 of 2nd period - Cam Fowler is hit by Elias Lindholm.
14:32 of 2nd period - Icing by Nils Lundkvist.
14:33 of 2nd period - Kevin Hayes wins face-off versus Luke Kunin in Dallas Stars zone.
14:38 of 2nd period - Wrist shot by Michael Bunting.
14:38 of 2nd period - Shot Misses the Net.
14:44 of 2nd period - Jakob Chychrun is hit by Michael Bunting and loses puck.
15:53 of 2nd period - Pavel Dorofeyev is hit by Joel Kiviranta and loses puck.
16:10 of 2nd period - Slapshot by Trevor van Riemsdyk.
16:10 of 2nd period - Shot Misses the Net.
16:12 of 2nd period - Snap shot by Trevor van Riemsdyk.
16:12 of 2nd period - Deflect By Vince Dunn.
16:12 of 2nd period - Stopped by Daniil Tarasov with a rebound.
16:14 of 2nd period - Snap shot by Jordan Martinook.
16:14 of 2nd period - Shot Blocked by Andrew Peeke.
16:16 of 2nd period - Slapshot by Dougie Hamilton.
16:16 of 2nd period - Shot Misses the Net.
16:18 of 2nd period - Wrist shot by Luke Kunin.
16:18 of 2nd period - Stopped by Daniil Tarasov with a rebound.
16:20 of 2nd period - Slapshot by Dougie Hamilton.
16:20 of 2nd period - Shot Misses the Net.
16:22 of 2nd period - Wrist shot by Luke Kunin.
16:22 of 2nd period - Deflect By Kyle Connor.
16:22 of 2nd period - Shot Blocked by Kyle Connor.
16:22 of 2nd period - Puck is out of play.
16:23 of 2nd period - Elias Lindholm wins face-off versus Casey Cizikas in Colorado Rockies zone.
16:34 of 2nd period - Slapshot by Elias Lindholm.
16:34 of 2nd period - Goal by Elias Lindholm - Dallas Stars : 3 - Colorado Rockies : 2.
16:35 of 2nd period - Casey Cizikas wins face-off versus Jonatan Berggren in neutral zone.
17:02 of 2nd period - Brendan Gallagher is hit by Philipp Kurashev and loses puck.
17:11 of 2nd period - Slapshot by Jesper Bratt.
17:11 of 2nd period - Stopped by Ukko-Pekka Luukkonen without a rebound.
17:12 of 2nd period - Tim Stutzle wins face-off versus Philip Tomasino in Dallas Stars zone.
17:22 of 2nd period - Wrist shot by Alex Iafallo.
17:22 of 2nd period - Shot Misses the Net.
17:45 of 2nd period - Slapshot by David Pastrnak.
17:45 of 2nd period - Shot Blocked by Luke Kunin.
17:47 of 2nd period - Slapshot by Cam Fowler.
17:47 of 2nd period - Shot Misses the Net.
18:16 of 2nd period - Minor Penalty to Josh Anderson for Delaying the game.
18:17 of 2nd period - Elias Pettersson wins face-off versus Brendan Gallagher in Dallas Stars zone.
19:42 of 2nd period - Jakob Chychrun is hit by David Pastrnak and loses puck.
Goals for this period are 2 for Dallas Stars vs 0 for Colorado Rockies.
Shots for this period are 13 for Dallas Stars vs 1 for Colorado Rockies.

3rd period


0:01 of 3rd period - Brendan Gallagher wins face-off versus Tim Stutzle in neutral zone.
0:12 of 3rd period - Minor Penalty to Kyle Connor for Elbowing.
0:13 of 3rd period - Elias Lindholm wins face-off versus Tim Stutzle in Colorado Rockies zone.
0:16 of 3rd period - Penalty to Josh Anderson is over, Josh Anderson is back on ice.
0:16 of 3rd period - Snap shot by Alex Iafallo.
0:16 of 3rd period - Deflect By Elias Lindholm.
0:16 of 3rd period - Stopped by Daniil Tarasov with a rebound.
0:26 of 3rd period - Wrist shot by Alex Iafallo.
0:26 of 3rd period - Deflect By Quinn Hughes.
0:26 of 3rd period - Shot Misses the Net.
0:26 of 3rd period - Puck is out of play.
0:27 of 3rd period - Elias Lindholm wins face-off versus Nick Schmaltz in Colorado Rockies zone.
2:12 of 3rd period - Penalty to Kyle Connor is over, Kyle Connor is back on ice.
2:21 of 3rd period - Darren Raddysh is hit by Joel Kiviranta and loses puck.
2:28 of 3rd period - Slapshot by Trent Frederic.
2:28 of 3rd period - Stopped by Daniil Tarasov with a rebound.
2:30 of 3rd period - Slapshot by Arber Xhekaj.
2:30 of 3rd period - Stopped by Daniil Tarasov without a rebound.
2:31 of 3rd period - Jack Drury wins face-off versus Kevin Hayes in Colorado Rockies zone.
2:55 of 3rd period - Arber Xhekaj is hit by Martin Fehervary.
3:10 of 3rd period - Minor Penalty to Trevor van Riemsdyk for Tripping.
3:11 of 3rd period - Elias Pettersson wins face-off versus Brendan Gallagher in Dallas Stars zone.
3:15 of 3rd period - Snap shot by Jesper Bratt.
3:15 of 3rd period - Shot Misses the Net.
3:17 of 3rd period - Snap shot by Jesper Bratt.
3:17 of 3rd period - Deflect By Elias Pettersson.
3:17 of 3rd period - Stopped by Ukko-Pekka Luukkonen without a rebound.
3:18 of 3rd period - Brendan Gallagher wins face-off versus Elias Pettersson in Dallas Stars zone.
3:41 of 3rd period - Snap shot by Elias Pettersson.
3:41 of 3rd period - Stopped by Ukko-Pekka Luukkonen with a rebound.
3:43 of 3rd period - Snap shot by David Pastrnak.
3:43 of 3rd period - Stopped by Ukko-Pekka Luukkonen with a rebound.
3:51 of 3rd period - Wrist shot by Elias Pettersson.
3:51 of 3rd period - Deflect By David Pastrnak.
3:51 of 3rd period - Goal by David Pastrnak - Dallas Stars : 3 - Colorado Rockies : 3.
3:52 of 3rd period - Kevin Hayes wins face-off versus Jonatan Berggren in neutral zone.
4:19 of 3rd period - Casey Cizikas is hit by Josh Anderson and loses puck.
4:46 of 3rd period - Wrist shot by Jordan Greenway.
4:46 of 3rd period - Stopped by Daniil Tarasov with a rebound.
4:48 of 3rd period - Snap shot by Alex Iafallo.
4:48 of 3rd period - Stopped by Daniil Tarasov with a rebound.
5:20 of 3rd period - Backhand shot by Kyle Connor.
5:20 of 3rd period - Stopped by Ukko-Pekka Luukkonen without a rebound.
5:21 of 3rd period - Kevin Hayes wins face-off versus Jonatan Berggren in Dallas Stars zone.
5:22 of 3rd period - Wrist shot by Kyle Connor.
5:22 of 3rd period - Stopped by Ukko-Pekka Luukkonen with a rebound.
5:24 of 3rd period - Slapshot by Quinn Hughes.
5:24 of 3rd period - Shot Blocked by Cam York.
5:30 of 3rd period - Wrist shot by Kyle Connor.
5:30 of 3rd period - Deflect By Kevin Hayes.
5:30 of 3rd period - Stopped by Ukko-Pekka Luukkonen with a rebound.
5:32 of 3rd period - Snap shot by Cam Fowler.
5:32 of 3rd period - Deflect By Cam York.
5:32 of 3rd period - Stopped by Ukko-Pekka Luukkonen without a rebound.
5:33 of 3rd period - Jonatan Berggren wins face-off versus Casey Cizikas in Dallas Stars zone.
6:04 of 3rd period - Wrist shot by Tim Stutzle.
6:04 of 3rd period - Stopped by Ukko-Pekka Luukkonen with a rebound.
6:06 of 3rd period - Snap shot by Tim Stutzle.
6:06 of 3rd period - Shot Misses the Net.
6:08 of 3rd period - Wrist shot by Philipp Kurashev.
6:08 of 3rd period - Shot Misses the Net.
6:10 of 3rd period - Wrist shot by Jesper Bratt.
6:10 of 3rd period - Shot Misses the Net.
6:30 of 3rd period - Snap shot by Elias Pettersson.
6:30 of 3rd period - Stopped by Ukko-Pekka Luukkonen without a rebound.
6:31 of 3rd period - Elias Lindholm wins face-off versus Casey Cizikas in Dallas Stars zone.
6:31 of 3rd period - Elias Lindholm is hit by David Pastrnak.
6:43 of 3rd period - Slapshot by Quinn Hughes.
6:43 of 3rd period - Stopped by Ukko-Pekka Luukkonen without a rebound.
6:44 of 3rd period - Elias Lindholm wins face-off versus Michael Bunting in Dallas Stars zone.
7:09 of 3rd period - Brendan Gallagher is hit by Jesper Bratt and loses puck.
7:20 of 3rd period - Slapshot by Tim Stutzle.
7:20 of 3rd period - Stopped by Ukko-Pekka Luukkonen without a rebound.
7:21 of 3rd period - Casey Cizikas wins face-off versus Jonatan Berggren in Dallas Stars zone.
7:28 of 3rd period - Wrist shot by David Pastrnak.
7:28 of 3rd period - Deflect By Casey Cizikas.
7:28 of 3rd period - Stopped by Ukko-Pekka Luukkonen without a rebound.
7:29 of 3rd period - Jonatan Berggren wins face-off versus Casey Cizikas in Dallas Stars zone.
7:31 of 3rd period - Minor Penalty to Jakob Chychrun for High sticking.
7:32 of 3rd period - Tim Stutzle wins face-off versus Brendan Gallagher in Dallas Stars zone.
8:06 of 3rd period - Slapshot by Elias Lindholm.
8:06 of 3rd period - Shot Hit the Post.
9:31 of 3rd period - Penalty to Jakob Chychrun is over, Jakob Chychrun is back on ice.
10:03 of 3rd period - Jack Drury is hit by Michael Bunting and loses puck.
10:17 of 3rd period - Slapshot by Cam Fowler.
10:17 of 3rd period - Stopped by Ukko-Pekka Luukkonen without a rebound.
10:18 of 3rd period - Kevin Hayes wins face-off versus Alex Iafallo in Dallas Stars zone.
10:27 of 3rd period - Slapshot by Pavel Dorofeyev.
10:27 of 3rd period - Stopped by Ukko-Pekka Luukkonen with a rebound.
10:29 of 3rd period - Slapshot by Martin Fehervary.
10:29 of 3rd period - Stopped by Ukko-Pekka Luukkonen with a rebound.
12:08 of 3rd period - Snap shot by Casey Cizikas.
12:08 of 3rd period - Shot Misses the Net.
12:10 of 3rd period - Snap shot by David Pastrnak.
12:10 of 3rd period - Stopped by Ukko-Pekka Luukkonen without a rebound.
12:11 of 3rd period - Elias Lindholm wins face-off versus Kevin Hayes in Dallas Stars zone.
12:18 of 3rd period - Snap shot by Josh Anderson.
12:18 of 3rd period - Shot Misses the Net.
12:20 of 3rd period - Snap shot by Brendan Gallagher.
12:20 of 3rd period - Stopped by Daniil Tarasov with a rebound.
12:22 of 3rd period - Slapshot by Jakob Chychrun.
12:22 of 3rd period - Stopped by Daniil Tarasov with a rebound.
12:24 of 3rd period - Slapshot by Brendan Gallagher.
12:24 of 3rd period - Stopped by Daniil Tarasov with a rebound.
12:26 of 3rd period - Slapshot by Brendan Gallagher.
12:26 of 3rd period - Stopped by Daniil Tarasov without a rebound.
12:27 of 3rd period - Jordan Martinook wins face-off versus Tim Stutzle in Colorado Rockies zone.
12:42 of 3rd period - Snap shot by Jesper Bratt.
12:42 of 3rd period - Shot Misses the Net.
12:44 of 3rd period - Wrist shot by Philipp Kurashev.
12:44 of 3rd period - Stopped by Ukko-Pekka Luukkonen without a rebound.
12:45 of 3rd period - Elias Lindholm wins face-off versus Kevin Hayes in Dallas Stars zone.
12:45 of 3rd period - Elias Lindholm is hit by Michael Bunting.
13:17 of 3rd period - Wrist shot by Jordan Martinook.
13:17 of 3rd period - Stopped by Daniil Tarasov with a rebound.
13:39 of 3rd period - Snap shot by Alex Iafallo.
13:39 of 3rd period - Shot Hit the Post.
13:41 of 3rd period - Slapshot by Alex Iafallo.
13:41 of 3rd period - Shot Blocked by Quinn Hughes.
14:20 of 3rd period - Snap shot by Danton Heinen.
14:20 of 3rd period - Stopped by Ukko-Pekka Luukkonen without a rebound.
14:21 of 3rd period - Brendan Gallagher wins face-off versus Casey Cizikas in Dallas Stars zone.
14:28 of 3rd period - Wrist shot by Elias Lindholm.
14:28 of 3rd period - Stopped by Daniil Tarasov with a rebound.
14:30 of 3rd period - Slapshot by Nils Lundkvist.
14:30 of 3rd period - Stopped by Daniil Tarasov with a rebound.
14:51 of 3rd period - Slapshot by David Pastrnak.
14:51 of 3rd period - Shot Misses the Net.
16:01 of 3rd period - Snap shot by Josh Anderson.
16:01 of 3rd period - Shot Misses the Net.
16:03 of 3rd period - Slapshot by Elias Lindholm.
16:03 of 3rd period - Shot Misses the Net.
16:05 of 3rd period - Snap shot by Elias Lindholm.
16:05 of 3rd period - Shot Misses the Net.
16:33 of 3rd period - Wrist shot by Brendan Gallagher.
16:33 of 3rd period - Deflect By Elias Lindholm.
16:33 of 3rd period - Stopped by Daniil Tarasov with a rebound.
16:35 of 3rd period - Backhand shot by Nils Lundkvist.
16:35 of 3rd period - Shot Misses the Net.
16:37 of 3rd period - Wrist shot by Elias Lindholm.
16:37 of 3rd period - Stopped by Daniil Tarasov with a rebound.
16:39 of 3rd period - Wrist shot by Brendan Gallagher.
16:39 of 3rd period - Stopped by Daniil Tarasov with a rebound.
17:06 of 3rd period - Minor Penalty to Danton Heinen for Tripping.
17:07 of 3rd period - Nick Schmaltz wins face-off versus Jordan Martinook in Colorado Rockies zone.
17:15 of 3rd period - Dougie Hamilton is hit by Cam Fowler and loses puck.
18:01 of 3rd period - Vince Dunn is hit by Jordan Greenway and loses puck.
18:59 of 3rd period - Quinn Hughes is hit by Arber Xhekaj.
19:06 of 3rd period - Penalty to Danton Heinen is over, Danton Heinen is back on ice.
19:22 of 3rd period - Arber Xhekaj is hit by Michael Bunting.
Goals for this period are 0 for Dallas Stars vs 1 for Colorado Rockies.
Shots for this period are 15 for Dallas Stars vs 19 for Colorado Rockies.

Overtime #1


0:01 of 1st overtime period - Elias Pettersson wins face-off versus Brendan Gallagher in neutral zone.
0:14 of 1st overtime period - Off-side.
0:15 of 1st overtime period - Tim Stutzle wins face-off versus Elias Lindholm in neutral zone.
0:45 of 1st overtime period - Snap shot by Danton Heinen.
0:45 of 1st overtime period - Stopped by Ukko-Pekka Luukkonen without a rebound.
0:46 of 1st overtime period - Elias Pettersson wins face-off versus Brendan Gallagher in Dallas Stars zone.
0:47 of 1st overtime period - Slapshot by Cam Fowler.
0:47 of 1st overtime period - Stopped by Ukko-Pekka Luukkonen without a rebound.
0:48 of 1st overtime period - Elias Pettersson wins face-off versus Brendan Gallagher in Dallas Stars zone.
0:51 of 1st overtime period - Slapshot by Elias Pettersson.
0:51 of 1st overtime period - Stopped by Ukko-Pekka Luukkonen without a rebound.
0:52 of 1st overtime period - Danton Heinen wins face-off versus Brendan Gallagher in Dallas Stars zone.
2:29 of 1st overtime period - Brendan Gallagher is hit by Quinn Hughes and loses puck.
3:04 of 1st overtime period - Andrew Peeke is hit by Joel Kiviranta and loses puck.
4:01 of 1st overtime period - Michael Bunting is hit by Joel Kiviranta.
4:24 of 1st overtime period - Icing by Cam York.
4:25 of 1st overtime period - Alex Iafallo wins face-off versus Pavel Dorofeyev in Dallas Stars zone.
4:30 of 1st overtime period - Nils Lundkvist is hit by Martin Fehervary and loses puck.
4:41 of 1st overtime period - Slapshot by Nils Lundkvist.
4:41 of 1st overtime period - Deflect By Jordan Greenway.
4:41 of 1st overtime period - Stopped by Daniil Tarasov without a rebound.
4:42 of 1st overtime period - Tim Stutzle wins face-off versus Elias Lindholm in Colorado Rockies zone.
Goals for this period are 0 for Dallas Stars vs 0 for Colorado Rockies.
Shots for this period are 1 for Dallas Stars vs 3 for Colorado Rockies.

ShootOut


5:00 of 1st overtime period - Round #1.
5:00 of 1st overtime period - Dallas Stars, Elias Lindholm.
5:00 of 1st overtime period - Snap shot by Elias Lindholm.
5:00 of 1st overtime period - Stopped by Daniil Tarasov.
5:00 of 1st overtime period - Colorado Rockies, Tim Stutzle.
5:00 of 1st overtime period - Deke by Tim Stutzle.
5:00 of 1st overtime period - Stopped by Ukko-Pekka Luukkonen.
5:00 of 1st overtime period - Round #2.
5:00 of 1st overtime period - Dallas Stars, Josh Anderson.
5:00 of 1st overtime period - Snap shot by Josh Anderson.
5:00 of 1st overtime period - Stopped by Daniil Tarasov.
5:00 of 1st overtime period - Colorado Rockies, David Pastrnak.
5:00 of 1st overtime period - Wrist shot by David Pastrnak.
5:00 of 1st overtime period - Goal by David Pastrnak.
5:00 of 1st overtime period - Round #3.
5:00 of 1st overtime period - Dallas Stars, Brendan Gallagher.
5:00 of 1st overtime period - Snap shot by Brendan Gallagher.
5:00 of 1st overtime period - Stopped by Daniil Tarasov.